 Dungeon Sprint DCSS version 0.16.2-12-gd0ad4c3 (webtiles) character file.

10080 Ponchio the Spry (level 11, -5/54 HPs)
             Began as a Deep Elf Fire Elementalist on Sept 21, 2015.
             Was the Champion of Vehumet.
             Slain by a vampire knight
             ... wielding a +0 battleaxe
              (23 damage)
             ... in the Dungeon (Sprint V: "Ziggurat Sprint").
             The game lasted 00:37:52 (1666 turns).

Ponchio the Spry (Deep Elf Fire Elementalist)       Turns: 1666, Time: 00:37:52

Health: -5/54      AC:  7    Str:  5    XL:     11   Next: 31%
Magic:  27/43      EV: 26    Int: 42    God:    Vehumet [******]
Gold:   0          SH:  0    Dex: 15    Spells: 3 memorised, 34 levels left

rFire  + . .     SeeInvis .     n - +6 Majin-Bo {vamp, Archmagi MP+6 Int+6}
rCold  + + .     Clarity  .     N - +2 leather armour {rC+}
rNeg   + + .     SustAb   .     (no shield)
rPois  +         Gourm    .     V - -2 hat of the Alchemist {rElec rPois rF+ rC+ rN+ MR+ rMut rCorr}
rElec  +         Spirit   .     (no cloak)
rCorr  +         Warding  +     (no gloves)
rMut   +         NoTele   +     (no boots)
MR     ++...                    M - brooch of Shielding {Ward rN+ AC+4 EV+4}
Stlth  ++........               C - +6 ring of intelligence
                                B - +6 ring of intelligence

@: very slightly contaminated, studying Summonings, very resistant to hostile
enchantments, unstealthy
A: no striking features
a: Renounce Religion


You were in the Dungeon.
You worshipped Vehumet.
Vehumet was exalted by your worship.
You were not hungry.

You visited 1 branch

Inventory:

Hand weapons
 n - the +6 Majin-Bo (weapon) {vamp, Archmagi MP+6 Int+6}
   (You found it in the Dungeon)

   It inflicts no extra harm, but heals its wielder somewhat when it strikes a
   living foe.
   It affects your intelligence (+6).
   It affects your magic capacity (+6).
Armour
 N - a +2 leather armour of cold resistance (worn)
 U - a +3 scale mail of magic resistance
 V - the -2 hat of the Alchemist (worn) {rElec rPois rF+ rC+ rN+ MR+ rMut rCorr}
   (You found it in the Dungeon)

   It protects you from fire.
   It protects you from cold.
   It insulates you from electricity.
   It protects you from poison.
   It protects you from negative energy.
   It affects your resistance to hostile enchantments.
   It protects you from acid and corrosion.
   It protects you from mutation.
Jewellery
 y - a +6 ring of dexterity
 A - a +6 ring of dexterity
 B - a +6 ring of intelligence (left hand)
 C - a +6 ring of intelligence (right hand)
 D - a +6 ring of strength
 E - a +6 ring of strength
 K - an uncursed ring of stealth
 M - the brooch of Shielding (around neck) {Ward rN+ AC+4 EV+4}
   (You found it in the Dungeon)

   [amulet of warding]

   It may prevent the melee attacks of summoned creatures.
   It affects your AC (+4).
   It affects your evasion (+4).
   It protects you from negative energy.
 Q - an uncursed ring of protection from cold
 S - the ring "Vaeloips" {rC+ MP+9 Dex+3}
   (You found it in the Dungeon)

   [ring of protection from cold]

   It affects your dexterity (+3).
   It protects you from cold.
   It affects your magic capacity (+9).
Magical devices
 F - a wand of disintegration (4)
 G - a wand of fire (5)
 H - a wand of cold (3)
 I - a wand of draining (0)
Scrolls
 i - a scroll of blinking
 q - 4 scrolls of amnesia
 r - 3 scrolls of recharging
 s - 7 scrolls of fog
 t - a scroll of holy word
 u - 5 scrolls of identify
 v - 5 scrolls of remove curse
 w - 2 scrolls of fear
Potions
 d - 10 potions of curing
 e - 6 potions of heal wounds
 f - 4 potions of haste
 g - 7 potions of magic
 h - 3 potions of berserk rage
 j - 2 potions of brilliance
 l - 2 potions of restore abilities
 m - 4 potions of resistance
 o - 5 potions of agility
 p - 5 potions of might
Books
 a - a book of Annihilations

   Spells                             Type                      Level
   a - Poison Arrow                   Conjuration/Poison           6
   b - Chain Lightning                Conjuration/Air              8
   c - Lehudib's Crystal Spear        Conjuration/Earth            8
   d - Glaciate                       Conjuration/Ice              9
   e - Fire Storm                     Conjuration/Fire             9
 b - a book of Flames

   Spells                             Type                      Level
   a - Flame Tongue                   Conjuration/Fire             1
   b - Throw Flame                    Conjuration/Fire             2
   c - Conjure Flame                  Conjuration/Fire             3
   d - Inner Flame                    Hexes/Fire                   3
   e - Sticky Flame                   Conjuration/Fire             4
   f - Fireball                       Conjuration/Fire             5
 k - Sif Muna's Tome of the Oath and Toxins
   (You found it in the Dungeon)

   Spells                             Type                      Level
   a - Corona                         Hexes                        1
   b - Sure Blade                     Hexes/Charms                 2
   c - Spider Form                    Transmutation/Poison         3
   d - Summon Mana Viper              Hexes/Summoning              5
   e - Poisonous Cloud                Conjuration/Poison/Air       6
 L - a manual of Summonings
 O - a Necronomicon

   Spells                             Type                      Level
   a - Haunt                          Necromancy/Summoning         7
   b - Borgnjor's Revivification      Necromancy                   8
   c - Death's Door                   Charms/Necromancy            8
   d - Necromutation                  Transmutation/Necromancy     8
 R - a book of Unlife

   Spells                             Type                      Level
   a - Recall                         Summoning/Translocation      3
   b - Animate Dead                   Necromancy                   4
   c - Control Undead                 Necromancy                   4
   d - Cigotuvi's Embrace             Necromancy                   5
   e - Death Channel                  Necromancy                   6
   f - Simulacrum                     Ice/Necromancy               6
 T - a book of the Warp

   Spells                             Type                      Level
   a - Recall                         Summoning/Translocation      3
   b - Control Teleport               Charms/Translocation         4
   c - Force Lance                    Conjuration/Translocation    4
   d - Phase Shift                    Translocation                5
   e - Warp Weapon                    Charms/Translocation         5
   f - Gell's Gravitas                Hexes/Translocation          5
   g - Summon Forest                  Summoning/Translocation      5
 W - a book of Annihilations

   Spells                             Type                      Level
   a - Poison Arrow                   Conjuration/Poison           6
   b - Chain Lightning                Conjuration/Air              8
   c - Lehudib's Crystal Spear        Conjuration/Earth            8
   d - Glaciate                       Conjuration/Ice              9
   e - Fire Storm                     Conjuration/Fire             9
Miscellaneous
 J - a disc of storms
 P - a stone of tremors
Comestibles
 c - 5 bread rations
 x - 38 fruits
 z - 4 meat rations


   Skills:
 + Level 18.3 Dodging
 - Level 2.4 Stealth
 + Level 17.1 Spellcasting
 + Level 14.5 Conjurations
 - Level 14.4 Necromancy
 - Level 3.2 Fire Magic


You had 34 spell levels left.
You knew the following spells:

 Your Spells              Type           Power        Failure   Level  Hunger
a - Flame Tongue          Conj/Fire      #####        1%          1    None
b - Fireball              Conj/Fire      ########..   1%          5    None
c - Control Undead        Necr           ########..   1%          4    None


Dungeon Overview and Level Annotations

Branches:
Dungeon (1/1)

Altars:
Ashenzari
Cheibriados
Dithmenos
Elyvilon
Fedhas
Gozag
Kikubaaqudgha
Makhleb
Nemelex Xobeh
Okawaru
Qazlal
Ru
Sif Muna
Trog
Vehumet
Xom
Yredelemnul
Zin
The Shining One
Beogh
Jiyva
Lugonu


Message History

Something completely misses you.
Casting: Fireball
Confirm with . or Enter, or press ? or * to list all spells.
You can't see any susceptible monsters within range! (Use Z to cast anyway.)
Casting: Fireball
Confirm with . or Enter, or press ? or * to list all spells.
Aiming: Fireball
Press: ? - help, Shift-Dir - straight line You feel a surge of power!
The fireball explodes!
The fireball engulfs something.
Something misses you. Something bites you.
Casting: Fireball
Confirm with . or Enter, or press ? or * to list all spells.
Okay, then.
Casting: Fireball
Confirm with . or Enter, or press ? or * to list all spells.
Aiming: Fireball
Press: ? - help, Shift-Dir - straight line You feel a surge of power!
The fireball explodes!
The fireball engulfs something.
Something hits you!!
You die...

▓....†....▓.......▓
▓......†..▓.......▓
▓.........▓.......▓
▓.▓.....▓.▓.▓...▓.▓
▓.........▓.......▓
▓▓▓▓▓▓▓▓▓▓▓▓▓▓▓▓▓▓▓▓▓
▓...8©8...▓...8©8...▓
▓..}![=\..▓..}}.).E.▓
▓..?.))}.@▓...)88...▓
▓....†....▓......E..▓
▓....)....▓.E...E...▓
▓..)......▓.E.......▓
▓.........▓.....E...▓
▓.........▓E▓.....▓.▓
▓.▓.....▓.▓.E.......▓
▓...).....▓▓▓▓▓▓▓▓▓▓▓
▓▓▓▓▓▓▓▓▓▓▓


There were no monsters in sight!

Vanquished Creatures
  A purple draconian (D)
  A vampire knight (D)
  4 vault guards (D)
  A deep elf knight (D)
  4 draconians (D)
  A spiny frog (D)
  2 polar bears (D)
  2 slime creatures (D)
  A vampire (D)
  A spriggan (D)
  2 yaks (D)
  3 golden eyes (D)
  A shadow (D)
  2 wolves (D)
  A black bear (D)
  An ice beast (D)
  A water moccasin (D)
  2 necrophages (D)
  A giant frog (D)
  A crocodile (D)
  2 scorpions (D)
  A wight (D)
  3 jellies (D)
  An iguana (D)
  A hound (D)
  A sheep (D)
  A river rat (D)
  A giant mite (D)
  A giant eyeball (D)
  An adder simulacrum (D)
  2 oozes (D)
  A bat zombie (D)
  2 jackals (D)
  A quokka (D)
52 creatures vanquished.

Vanquished Creatures (collateral kills)
  2 necromancers (D)
2 creatures vanquished.

Vanquished Creatures (others)
  2 earth elementals (D)
2 creatures vanquished.

Grand Total: 56 creatures vanquished

Notes
Turn   | Place    | Note
--------------------------------------------------------------
     0 | D        | Ponchio, the Deep Elf Fire Elementalist, began the quest for the Orb.
     0 | D        | Reached XP level 1. HP: 10/10 MP: 5/5
     0 | D        | Found a viscous altar of Jiyva.
     0 | D        | Found a corrupted altar of Lugonu.
     0 | D        | Found a white marble altar of Elyvilon.
     1 | D        | Found a burning altar of Makhleb.
     1 | D        | Found an iron altar of Okawaru.
     3 | D        | Found a sparkling altar of Nemelex Xobeh.
     3 | D        | Found a basalt altar of Yredelemnul.
     3 | D        | Found a deep blue altar of Sif Muna.
     3 | D        | Found a radiant altar of Vehumet.
     7 | D        | Found a bloodstained altar of Trog.
    20 | D        | Reached skill level 7 in Spellcasting
    20 | D        | Reached skill level 5 in Conjurations
    20 | D        | Reached XP level 2. HP: 15/15 MP: 7/14
    80 | D        | Found a shimmering altar of Xom.
    88 | D        | Became a worshipper of Vehumet
   116 | D        | Entered arena 1.
   116 | D        | Noticed a spriggan
   116 | D        | Noticed a black bear
   118 | D        | Killed a black bear
   118 | D        | Reached skill level 5 in Dodging
   118 | D        | Reached skill level 9 in Spellcasting
   118 | D        | Reached XP level 3. HP: 19/19 MP: 20/20
   118 | D        | Reached XP level 4. HP: 24/24 MP: 22/22
   122 | D        | Killed a spriggan
   122 | D        | Reached skill level 10 in Spellcasting
   122 | D        | Reached XP level 5. HP: 12/28 MP: 25/25
   311 | D        | Learned a level 5 spell: Fireball
   313 | D        | Entered arena 2.
   313 | D        | Noticed a scorpion
   313 | D        | Noticed a scorpion
   314 | D        | Acquired Vehumet's first power
   314 | D        | Offered knowledge of Sandblast by Vehumet.
   314 | D        | Killed a scorpion
   314 | D        | Reached skill level 11 in Spellcasting
   314 | D        | Reached XP level 6. HP: 32/32 MP: 27/27
   315 | D        | Killed a scorpion
   323 | D        | Got the amulet of Haix {-Cast +Rage rF+ MP+9 Dex+2}
   521 | D        | Entered arena 3.
   521 | D        | Noticed an ice beast
   521 | D        | Noticed a polar bear
   521 | D        | Noticed a polar bear
   522 | D        | Killed an ice beast
   522 | D        | Offered knowledge of Shock by Vehumet.
   522 | D        | Reached skill level 12 in Spellcasting
   523 | D        | Killed a polar bear
   523 | D        | Reached skill level 10 in Dodging
   523 | D        | Reached skill level 10 in Conjurations
   523 | D        | Reached XP level 7. HP: 30/36 MP: 25/29
   525 | D        | Killed a polar bear
   525 | D        | Reached skill level 13 in Spellcasting
   698 | D        | Entered arena 4.
   698 | D        | Noticed a golden eye
   699 | D        | Offered knowledge of Searing Ray by Vehumet.
   699 | D        | Acquired Vehumet's second power
   699 | D        | Killed a golden eye
   699 | D        | Reached XP level 8. HP: 41/41 MP: 31/31
   717 | D        | Learned a level 4 spell: Control Undead
   777 | D        | Entered arena 5.
   777 | D        | Noticed a draconian
   777 | D        | Noticed a draconian
   777 | D        | Noticed a draconian
   777 | D        | Noticed a purple draconian
   777 | D        | Noticed a draconian
   780 | D        | Killed a draconian
   780 | D        | Acquired Vehumet's third power
   780 | D        | Reached skill level 14 in Spellcasting
   782 | D        | Killed a draconian
   782 | D        | Reached skill level 5 in Necromancy
   782 | D        | Killed a draconian
   782 | D        | Reached skill level 15 in Spellcasting
   782 | D        | Reached XP level 9. HP: 34/45 MP: 34/34
   783 | D        | Killed a draconian
   785 | D        | Killed a purple draconian
   785 | D        | Reached skill level 16 in Spellcasting
  1010 | D        | Got the ring "Vaeloips" {rC+ MP+9 Dex+3}
  1037 | D        | Entered arena 6.
  1037 | D        | Noticed a vault guard
  1037 | D        | Noticed a vault guard
  1037 | D        | Noticed a vault guard
  1037 | D        | Noticed a deep elf knight
  1037 | D        | Noticed a vault guard
  1037 | D        | Noticed a slime creature
  1039 | D        | Killed a deep elf knight
  1039 | D        | Offered knowledge of Airstrike by Vehumet.
  1039 | D        | Reached skill level 10 in Necromancy
  1039 | D        | Reached XP level 10. HP: 44/50 MP: 32/35
  1040 | D        | Killed a vault guard
  1040 | D        | Reached skill level 15 in Dodging
  1040 | D        | Killed a vault guard
  1040 | D        | Killed a slime creature
  1042 | D        | Killed a vault guard
  1043 | D        | HP: 1/50 [vault guard/halberd (18)]
  1053 | D        | HP: 1/50 [vault guard/halberd (21)]
  1061 | D        | Killed a vault guard
  1061 | D        | Reached skill level 17 in Dodging
  1248 | D        | Entered arena 7.
  1248 | D        | Noticed a jelly
  1248 | D        | Noticed a slime creature
  1248 | D        | Noticed a jelly
  1248 | D        | Noticed a jelly
  1248 | D        | Noticed a golden eye
  1248 | D        | Noticed a golden eye
  1258 | D        | Killed a golden eye
  1258 | D        | Offered knowledge of Lee's Rapid Deconstruction by Vehumet.
  1258 | D        | Killed a jelly
  1259 | D        | Killed a golden eye
  1259 | D        | Killed a jelly
  1260 | D        | Killed a jelly
  1260 | D        | Killed a slime creature
  1357 | D        | Entered arena 8.
  1357 | D        | Noticed a hound
  1357 | D        | Noticed an iguana
  1357 | D        | Noticed a wolf
  1357 | D        | Noticed a spiny frog
  1359 | D        | Killed a wolf
  1359 | D        | Reached XP level 11. HP: 48/54 MP: 33/36
  1360 | D        | Killed a spiny frog
  1361 | D        | Killed a hound
  1361 | D        | Killed an iguana
  1478 | D        | Entered arena 9.
  1478 | D        | Noticed a water moccasin
  1478 | D        | Noticed a yak
  1478 | D        | Noticed a yak
  1478 | D        | Noticed a crocodile
  1478 | D        | Noticed a giant frog
  1478 | D        | Noticed a wolf
  1479 | D        | Killed a wolf
  1479 | D        | Offered knowledge of Iron Shot by Vehumet.
  1480 | D        | Killed a water moccasin
  1481 | D        | Killed a yak
  1481 | D        | Killed a crocodile
  1482 | D        | Killed a giant frog
  1482 | D        | Killed a yak
  1601 | D        | Entered arena 10.
  1601 | D        | Noticed an earth elemental
  1601 | D        | Noticed an earth elemental
  1601 | D        | Noticed an earth elemental
  1601 | D        | Noticed an earth elemental
  1601 | D        | Noticed a toenail golem
  1601 | D        | Noticed an earth elemental
  1601 | D        | Noticed an earth elemental
  1601 | D        | Noticed an earth elemental
  1601 | D        | Noticed an earth elemental
  1620 | D        | Identified Sif Muna's Tome of the Oath and Toxins (You found it in the Dungeon)
  1628 | D        | Entered arena 11.
  1628 | D        | Noticed a necrophage
  1628 | D        | Noticed a necromancer
  1628 | D        | Noticed a shadow
  1628 | D        | Noticed a vampire
  1628 | D        | Noticed a wight
  1628 | D        | Noticed a necromancer
  1628 | D        | Noticed a vampire knight
  1630 | D        | Noticed a necrophage
  1631 | D        | Noticed a vampire knight
  1634 | D        | Killed a vampire knight
  1634 | D        | Offered knowledge of Conjure Ball Lightning by Vehumet.
  1634 | D        | Reached skill level 18 in Dodging
  1640 | D        | Killed a necromancer
  1641 | D        | Killed a necromancer
  1652 | D        | a vampire (ally) was killed
  1655 | D        | a wight (ally) was killed
  1656 | D        | a necrophage (ally) was killed
  1657 | D        | Killed a necrophage
  1657 | D        | Killed a shadow
  1666 | D        | Slain by a vampire knight

Action                   |  1- 3 |  4- 6 |  7- 9 | 10-12 || total
-------------------------+-------+-------+-------+-------++-------
Melee: Quarterstaff      |       |     2 |       |       ||     2
 Cast: Fireball          |       |     3 |    12 |    24 ||    39
       Control Undead    |       |       |       |     3 ||     3
Evoke: Wand              |     1 |     3 |       |     6 ||    10
       Stone of tremors  |       |       |       |     2 ||     2
       Phantom mirror    |       |       |       |     1 ||     1
  Use: Potion            |     1 |       |     1 |     9 ||    11
       Scroll            |       |       |     1 |     2 ||     3
  Eat: Fruit             |     2 |       |       |     2 ||     4
       Chunk             |       |     1 |     2 |     1 ||     4
